 Dungeon Crawl Stone Soup version 0.31-a0-1091-g283494c966 (webtiles) character file.

Game seed: 6124309659750936292

18 night the Shooter (level 2, -3/18 HPs)
             Began as a Gargoyle Hunter on Nov 28, 2023.
             Slain by Sigmund
             ... wielding a +0 scythe
              (10 damage)
             ... on level 2 of the Dungeon.
             The game lasted 00:02:03 (559 turns).

night the Shooter (Gargoyle Hunter)                  Turns: 559, Time: 00:02:03

Health: -3/18      AC:  6    Str: 14    XL:     2   Next: 66%
Magic:  2/2        EV: 11    Int:  9    God:
Gold:   5          SH:  0    Dex: 13    Spells: 0/1 levels left

rFire   . . .        a - +0 shortbow
rCold   . . .        (shield currently unavailable)
rNeg    + . .        c - +0 leather armour
rPois   ∞            g - +0 helmet
rElec   +            (no cloak)
rCorr   .            (no gloves)
SInv    +            (no boots)
Will    .....        (no amulet)
Stlth   +            h - ring of see invisible
HPRegen 0.23/turn    (no ring)
MPRegen 0.08/turn

%: no passive effects
@: no status effects
A: sickness immunity, AC +2, negative energy resistance 1, electricity
resistance, torment resistance 1, petrification resistance
a: no special abilities


You were on level 2 of the Dungeon.
You visited 1 branch of the dungeon, and saw 2 of its levels.

You collected 5 gold pieces.

Inventory:

Hand Weapons
 a - a +0 shortbow (weapon)
Missiles
 d - 15 stones
Armour
 c - a +0 leather armour (worn)
 g - a +0 helmet (worn)
Jewellery
 h - a ring of see invisible (left hand)
Scrolls
 b - a scroll of butterflies
Potions
 e - 2 potions of curing {unknown}
 f - a potion of enlightenment {unknown}


   Skills:
 + Level 2.5 Fighting
 * Level 4.3 Ranged Weapons
 - Level 0.6 Armour
 - Level 1.5 Dodging
 - Level 1.1 Stealth
 + Level 0.3 Poison Magic


You couldn't memorise any spells.
You knew the following spells:

 Your Spells              Type           Power      Damage    Failure   Level
a - Sting                 Tmut/Pois      0%         1d3       43%         1

Your spell library contained the following spells:

 Spells                   Type           Power      Damage    Failure   Level
 Poisonous Vapours        Pois/Air       0%         N/A       58%         2
 Olgreb's Toxic Radiance  Pois           0%         N/A       99%         4


Dungeon Overview and Level Annotations

Branches:
Dungeon (2/15)

Altars:

Shops:
D:1 :*

Annotations:
D:2 Sigmund


Innate Abilities, Weirdness & Mutations

You are immune to sickness and miasma.
Your stone body is resilient. (AC +2)
You are immune to poison.
You resist negative energy. (rN+)
You are resistant to electric shocks. (rElec)
You are resistant to unholy torment.
You are immune to petrification.


Message History

There are monsters nearby!
You shoot an arrow. The arrow closely misses Sigmund.
The arrow hits the quokka.
The quokka is almost dead.
You shoot an arrow.
The arrow hits Sigmund but does no damage.
Sigmund hits you from afar with a +0 scythe!
You shoot an arrow. The arrow closely misses Sigmund.
Sigmund closely misses you.
You shoot an arrow. The arrow barely misses the quokka.
You shoot an arrow. The arrow closely misses the quokka.
The quokka barely misses you. Sigmund barely misses you. The quokka misses you.
You shoot an arrow. The arrow closely misses the quokka.
Sigmund closely misses you. The quokka barely misses you.
You shoot an arrow. The arrow hits the quokka!
You kill the quokka!
Sigmund barely misses you.
You shoot an arrow. The arrow hits Sigmund!
Sigmund is moderately wounded.
Sigmund barely misses you.
You shoot an arrow. The arrow hits Sigmund.
Sigmund is moderately wounded.
Sigmund hits you but does no damage.
You shoot an arrow. The arrow barely misses Sigmund.
You shoot an arrow. The arrow hits Sigmund.
Sigmund is heavily wounded.
Sigmund gestures at you while chanting.
The magic dart hits you but does no damage.
You shoot an arrow.
The arrow hits Sigmund but does no damage.
Sigmund is heavily wounded.
Sigmund barely misses you.
You shoot an arrow. The arrow hits Sigmund.
Sigmund is severely wounded.
Sigmund gestures at you while chanting. The magic dart hits you!
Sigmund hits you from afar with a +0 scythe!
Ouch! That really hurt!
You die...
Sigmund begins carving another notch in his scythe.

.. ......
#####.# #......
...... .......
#....#.....#
#..........
#......@.
#.#....†.##
.....<.@..#
..>............
.....#...##.###
.... ###.# #
... .. .. .## .
.# .#


You could see Sigmund.

Vanquished Creatures
  2 ball pythons (D:1)
  An endoplasm (D:1)
  2 giant cockroaches (D:1)
  2 jackals (D:1)
  2 kobolds (D:1)
  A quokka (D:2)
  2 frilled lizards (D:1)
  A goblin (D:1)
  5 rats (D:1)
18 creatures vanquished.

Notes
Turn   | Place    | Note
-------+----------+-------------------------------------------
     0 | D:1      | night the Gargoyle Hunter began the quest for the Orb.
     0 | D:1      | Reached XP level 1. HP: 12/12 MP: 1/1
    15 | D:1      | Found Qeocw's Vocational Training.
    97 | D:1      | Found Miqeozuq's Assorted Antiques.
   246 | D:1      | Reached XP level 2. HP: 18/18 MP: 2/2
   256 | D:1      | Learned a level 1 spell: Sting
   545 | D:2      | Noticed Sigmund
   559 | D:2      | Slain by Sigmund

Illustrated notes

Levels and vault maps discovered:
D:1:      dpeg_arrival_prison, layout_basic, serial_shops, shop,
          nicolae_shop_vocational
D:2:      layout_basic, basic_altar, hellmonk_ecumenical_altar_blasted,
          minmay_between, uniq_jessica, uniq_crazy_yiuf_cottage, uniq_sigmund

Action                     || total
---------------------------++-------
   Fire: Shortbow          ||    68
 Armour: Leather armour    ||    28
  Dodge: Dodged            ||    36

Table legend: (Time is in decaauts)
 A = Elapsed time spent in this place.
 B = Non-inter-level travel time spent in this place.
 C = Inter-level travel time spent in this place.
 D = Time resting spent in this place.
 E = Time spent auto-exploring this place.
 F = Levels seen in this place.
 G = Mean time per level.
                   A        B        C        D        E       F      G
               +--------+--------+--------+--------+--------+-----+--------+
         Total |    573 |    549 |     24 |      0 |    397 |   2 |  286.5 |
       Dungeon |    573 |    549 |     24 |      0 |    397 |   2 |  286.5 |
               +--------+--------+--------+--------+--------+-----+--------+

Top non-repeatable levels by time:
     D:1: 557 daAuts
     D:2: 16 daAuts
